 Dungeon Crawl Stone Soup version 0.26.1-11-gd32895ea62 (webtiles) character file.

Game seed: 6582568467079669882

3 jlumianski the Caller (level 1, -3/7 HPs)
             Began as a Felid Summoner on May 26, 2021.
             Slain by a gnoll
             ... wielding a cursed +0 spear
              (9 damage)
             ... on level 1 of the Dungeon.
             The game lasted 00:01:36 (417 turns).

jlumianski the Caller (Felid Summoner)               Turns: 417, Time: 00:01:36

Health: -3/7       AC:  1    Str:  4    XL:     1   Next: 41%
Magic:  0/4        EV: 18    Int: 16    God:
Gold:   78         SH:  0    Dex: 16    Spells: 3/4 levels left
                                        Lives:  0   Deaths: 0

rFire    . . .     SeeInvis +   (weapon unavailable)
rCold    . . .     Faith    .   (shield unavailable)
rNeg     . . .     Spirit   .   (armour unavailable)
rPois    .         Reflect  .   (helmet unavailable)
rElec    .         Harm     .   (cloak unavailable)
rCorr    .         Rampage  .   (gloves unavailable)
Will     .....                  (boots unavailable)
Stlth    +++.......             (no amulet)
HPRegen  0.02/turn              (no ring)
MPRegen  0.09/turn              (no ring)

@: quick
A: very small, no armour, no weapons or thrown items, stealth, claws 1, fangs 3,
see invisible, speed 1, shaggy fur 1, sharp paws
a: no special abilities


You were on level 1 of the Dungeon.
You visited 1 branch of the dungeon, and saw 1 of its levels.

You collected 78 gold pieces.

Inventory:

Scrolls
 a - 3 scrolls of teleportation {unknown}
 b - a scroll of enchant weapon {unknown}
 c - a scroll of magic mapping {unknown}
 d - a scroll of blinking {unknown}


   Skills:
 + Level 2.6 Dodging
 + Level 2.8 Stealth
 + Level 2.0 Spellcasting
 + Level 4.1 Summonings


You had 3 spell levels left.
You knew the following spells:

 Your Spells              Type           Power        Failure   Level
a - Summon Small Mammal   Summ           56%          3%          1

Your spell library contained the following spells:

 Spells                   Type           Power        Failure   Level
 Call Imp                 Summ           14%          6%          2
 Call Canine Familiar     Summ           14%          12%         3
 Summon Guardian Golem    Hex/Summ       8%           26%         3
 Summon Ice Beast         Ice/Summ       8%           65%         4
 Summon Lightning Spire   Summ/Air       8%           65%         4


Dungeon Overview and Level Annotations

Branches:
Dungeon (1/15)

Altars:


Innate Abilities, Weirdness & Mutations

You cannot wear armour.
You are incapable of wielding weapons or throwing items.
Your paws allow you to move quietly. (Stealth)
You have sharp claws.
You have razor-sharp teeth.
You have supernaturally acute eyesight. (SInv)
You cover ground quickly.
You are covered in fur. (AC +1)
Your sharp claws are effective at attacking unaware monsters.


Message History

Your bat hits the gnoll but does no damage.
Your bat hits the gnoll.
Your bat barely misses the gnoll. x2
Your bat barely misses the gnoll.
The gnoll blocks your bat's attack.
The gnoll drinks a potion.
The gnoll seems to speed up.
Your bat hits the gnoll but does no damage.
Your bat misses the gnoll. The gnoll blocks your bat's attack.
Your bat barely misses the gnoll.
Your bat hits the gnoll but does no damage. x2
The gnoll blocks your bat's attack.
Your bat hits the gnoll but does no damage.
The gnoll completely misses you.
Your bat hits the gnoll but does no damage.
The gnoll blocks your bat's attack.
Your bat closely misses the gnoll.
Your bat hits the gnoll but does no damage.
The gnoll barely misses you.
Your bat hits the gnoll but does no damage. x2
Your bat barely misses the gnoll.
The gnoll closely misses you.
The gnoll hits you from afar with a cursed +0 spear!
Ouch! That really hurt!
You die...

# ##### #. #...
#.###.#
#####.....###
>.....†@....##
..........#..#
.....g....##.##
...bb.....##..#
....bb....###.##
......###.# #..#
...... ..# ##.##
...... ### #..#
########.#


You could see a gnoll (fast) and 4 friendly bats.

Vanquished Creatures
  A goblin (D:1)
1 creature vanquished.

Vanquished Creatures (collateral kills)
  A goblin (D:1)
  A kobold (D:1)
  A rat (D:1)
3 creatures vanquished.

Grand Total: 4 creatures vanquished

Notes
Turn   | Place    | Note
-------+----------+-------------------------------------------
     0 | D:1      | jlumianski the Felid Summoner began the quest for the Orb.
     0 | D:1      | Reached XP level 1. HP: 7/7 MP: 4/4
   417 | D:1      | Slain by a gnoll

Illustrated notes

Levels and vault maps discovered:
D:1:      lightli_arrival_isolated_outpost, layout_basic

Action                   || total
-------------------------++-------
Melee: Unarmed           ||     2
 Cast: Summon Small Mamm ||    19
Dodge: Dodged            ||     5
